 Dungeon Crawl Stone Soup version 0.28-a0-1002-gf00fe891ef (webtiles) character file.

Game seed: 3428292080647544691

1655 joejoepie the Slasher (level 8, -5/62 HPs)
             Began as a Demonspawn Abyssal Knight on Dec 6, 2021.
             Was a Believer of Lugonu.
             Engulfed by a cloud of freezing vapour (21 damage)
             ... on level 7 of the Dungeon.
             The game lasted 00:19:22 (6696 turns).

joejoepie the Slasher (Demonspawn Abyssal Knight)   Turns: 6696, Time: 00:19:23

Health: -5/62      AC: 13    Str: 15    XL:     8   Next: 68%
Magic:  9/9        EV: 14    Int: 11    God:    Lugonu [**....]
Gold:   271        SH:  0    Dex: 15    Spells: 7/7 levels left

rFire   . . .      SeeInvis .   a - +1 double sword (venom)
rCold   . . .      Faith    .   (no shield)
rNeg    . . .      Spirit   .   o - +0 scale mail
rPois   .          Reflect  .   r - +0 helmet
rElec   .          Harm     .   l - +0 cloak
rCorr   .          Rampage  .   (no gloves)
Will    .....                   j - +0 pair of boots
Stlth   ..........              (no amulet)
HPRegen 0.20/turn               i - +4 ring of evasion
MPRegen 0.22/turn               (no ring)

@: no status effects
A: ignite blood 1, magic regeneration, sharp scales 2, demonic touch 2
a: Renounce Religion, Depart the Abyss, Bend Space


You were on level 7 of the Dungeon.
You worshipped Lugonu.
Lugonu was pleased with you.
You visited 1 branch of the dungeon, and saw 7 of its levels.
You visited the Abyss 1 time.

You collected 307 gold pieces.
You spent 36 gold pieces at shops.

Inventory:

Hand Weapons
 a - a +1 double sword of venom (weapon)
 b - a +0 hunting sling
 d - a +1 mace of draining
 n - a +1 falchion
Missiles
 g - 211 stones
 u - 18 sling bullets
Armour
 h - a +0 helmet
 j - a +0 pair of boots (worn)
 l - a +0 cloak (worn)
 m - a +0 leather armour
 o - a +0 scale mail (worn)
 r - a +0 helmet (worn)
Magical Staves
 f - a staff of conjuration
Jewellery
 i - a +4 ring of evasion (left hand)
Wands
 p - a wand of iceblast (4)
Scrolls
 c - 4 scrolls of identify
 e - 6 scrolls of teleportation
 k - a scroll of immolation
 s - 4 scrolls of fear
Potions
 q - a potion of flight
 t - a potion of haste {unknown}
 v - 2 potions of cancellation
 w - a potion of heal wounds
 x - a potion of berserk rage {unknown}


   Skills:
 + Level 5.3 Fighting
 + Level 6.7 Long Blades
 + Level 2.8 Maces & Flails
 + Level 5.0 Armour
 + Level 2.8 Dodging
 + Level 1.3 Stealth
 + Level 2.5 Invocations


You had 7 spell levels left.
You didn't know any spells.
Your spell library contained the following spells:

 Spells                   Type           Power      Damage    Failure   Level
 Slow                     Hex            0%         N/A       77%         1
 Confusing Touch          Hex            0%         N/A       98%         3
 Vampiric Draining        Necr           0%         2d6       98%         3
 Olgreb's Toxic Radiance  Pois           0%         N/A       100%        4
 Ozocubu's Refrigeration  Ice            0%         4d5       100%        7
 Ignition                 Fire           0%         3d3       100%        8


Dungeon Overview and Level Annotations

Branches:
Dungeon (7/15)
 Temple: D:4-7

Altars:
Gozag
Kikubaaqudgha
Wu Jian

Shops:
D:4 *


Innate Abilities, Weirdness & Mutations

Your demonic aura sometimes causes spilled blood to erupt in flames.
You regenerate magic rapidly.
You are mostly covered in razor-sharp scales. (AC +2, Slay +2)
Your touch may inflict irresistible damage on your foes.


Message History

Items here: )) [ ††.
Things that are here:
a +0 short sword; a +0 ring mail
Found 8 arrows.
c - 4 scrolls of identify (gained 1)
You see here 8 arrows.
You see here 8 arrows.
Found a runed trident.
Found a trident.
A centaur skeleton comes into view.
You hit the centaur skeleton but do no damage.
The centaur skeleton closely misses you.
The centaur skeleton barely misses you. x2
The centaur skeleton kicks you but does no damage.
You slash the centaur skeleton!
The centaur skeleton is moderately damaged.
The centaur skeleton closely misses you.
The centaur skeleton barely misses you.
You slash the centaur skeleton!
The centaur skeleton is severely damaged.
The centaur skeleton hits you but does no damage.
The centaur skeleton barely misses you. The centaur skeleton misses you.
The centaur skeleton kicks you but does no damage.
You hit the centaur skeleton.
You touch the centaur skeleton.
The centaur skeleton is almost destroyed.
The centaur skeleton hits you but does no damage.
The centaur skeleton closely misses you.
You slash the centaur skeleton!
You destroy the centaur skeleton!
Lugonu accepts your kill.
You open the door.
Really walk into a travel-excluded area? [Y]es or [N]o only, please.
Really walk into a travel-excluded area?
There is an open door here.
You are engulfed in freezing vapours.
You are engulfed in freezing vapours.
* * * LOW HITPOINT WARNING * * *
You are engulfed in freezing vapours.
You die...

........##..##.####.##.##....####
)........... #.# #.##.##....##.#
........##.###.####.##.##....##.#
....##..##..........##.##........
.......................#.....##.#
..######################....###.#
..#.....☼○○○○○○○○$!)$)## #..
..#.#################### #..
..#.....☼○○○○○○○@○○○..## #..
..##################'### #..
......####....######.### #..
............#.# #.##########..
#..##.#####.#.# ##.............
^.............# #..#########.#.
...########.#.# #..#########...
...# #.#.# #.............. #..#
#.#.# #..#########...


There were no monsters in sight!

Vanquished Creatures
  Grinder (D:4)
  2 water moccasins
  A sky beast (D:5)
  2 ogres
  A phantom (D:4)
  A wyvern zombie (D:7)
  2 scorpions
  2 wyvern skeletons (D:6)
  A water moccasin skeleton (D:4)
  4 hounds
  2 centaur skeletons (D:7)
  5 iguanas
  9 adders
  A shadow imp (D:5)
  2 worms (D:3)
  3 dart slugs
  6 orcs
  4 bats
  6 endoplasms
  2 goblins (D:1)
  7 hobgoblins
  4 jackals (D:3)
  12 kobolds
  5 quokkas
  6 ball pythons
  3 frilled lizards
  2 rats
96 creatures vanquished.

Vanquished Creatures (collateral kills)
  A centaur (D:7)
  A killer bee zombie (D:7)
2 creatures vanquished.

Vanquished Creatures (others)
  6 fungi (D:2)
6 creatures vanquished.

Grand Total: 104 creatures vanquished

Notes
Turn   | Place    | Note
-------+----------+-------------------------------------------
     0 | Abyss:1  | joejoepie the Demonspawn Abyssal Knight began the quest for
                  | the Orb.
     0 | Abyss:1  | Reached XP level 1. HP: 18/18 MP: 2/2
     0 | D:1      | Escaped the Abyss
   157 | D:1      | Reached * piety under Lugonu
   373 | D:1      | Gained mutation: Your demonic aura sometimes causes spilled
                  | blood to erupt in flames. [demonic ancestry]
   373 | D:1      | Reached XP level 2. HP: 18/24 MP: 3/3
   628 | D:1      | Reached skill level 1 in Dodging
  1106 | D:2      | Reached XP level 3. HP: 10/30 MP: 4/4
  1414 | D:2      | Reached skill level 1 in Maces & Flails
  1928 | D:2      | Reached skill level 2 in Long Blades
  2018 | D:2      | Gained mutation: You are partially covered in razor-sharp
                  | scales. (AC +1, Slay +1) [demonic ancestry]
  2018 | D:2      | Reached XP level 4. HP: 37/37 MP: 5/5
  2961 | D:4      | Found Eskyisigh's General Store.
  2964 | D:4      | Bought a scroll of teleportation for 36 gold pieces
  2994 | D:3      | Reached ** piety under Lugonu
  3354 | D:4      | Noticed a phantom
  3379 | D:5      | Entered Level 5 of the Dungeon
  3390 | D:5      | Noticed an ogre
  3777 | D:4      | Gained mutation: Your touch may inflict minor irresistible
                  | damage on your foes. [demonic ancestry]
  3777 | D:4      | Reached XP level 5. HP: 42/42 MP: 6/6
  4229 | D:4      | Gained mutation: You regenerate magic rapidly. [demonic
                  | ancestry]
  4229 | D:4      | Reached XP level 6. HP: 36/48 MP: 7/7
  4522 | D:4      | Noticed Grinder
  4563 | D:4      | Paralysed by Grinder for 4 turns
  4569 | D:4      | Killed Grinder
  4570 | D:4      | Reached skill level 3 in Long Blades
  4570 | D:4      | Gained mutation: Your touch may inflict irresistible damage
                  | on your foes. [demonic ancestry]
  4570 | D:4      | Reached XP level 7. HP: 55/55 MP: 8/8
  4819 | D:5      | Reached skill level 4 in Long Blades
  4868 | D:5      | Found a large runed translucent door.
  4869 | D:5      | Found a large runed translucent door.
  4890 | D:5      | Found an ornate altar of the Wu Jian Council.
  4897 | D:5      | Found an ancient bone altar of Kikubaaqudgha.
  5032 | D:5      | Reached skill level 5 in Fighting
  5032 | D:5      | Reached skill level 5 in Long Blades
  5032 | D:5      | Gained mutation: You are mostly covered in razor-sharp
                  | scales. (AC +2, Slay +2) [demonic ancestry]
  5032 | D:5      | Reached XP level 8. HP: 30/62 MP: 9/9
  5385 | D:6      | Found an opulent altar of Gozag.
  5772 | D:6      | Reached skill level 1 in Stealth
  6069 | D:7      | Reached skill level 6 in Long Blades
  6257 | D:7      | Reached skill level 5 in Armour
  6696 | D:7      | Engulfed by a cloud of freezing vapour

Illustrated notes

Levels and vault maps discovered:
D:1:      wheals_arrival_shading, layout_loops_ring
D:2:      layout_loops_corners, minmay_shallow_snake_nest
D:3:      layout_basic
D:4:      layout_layer_cave, nicolae_stop_n_shop_1, uniq_grinder
D:5:      layout_rooms, jmf_multi_god_temple2, chequers_serial_rivers_micro_e
D:6:      layout_cave_pools, mainiacjoe_overflow_alcove_2
D:7:      lemuel_ice_spiral_2, layout_basic, minmay_temple_entry_from_below_a

Skill      XL: |  1  2  3  4  5  6  7  8 |
---------------+-------------------------+-----
Dodging        | 1 2 |  2.8
Maces & Flails | 1 2 |  2.8
Armour         | 2 3 4 5 |  5.0
Long Blades    | 2 3 5 6 |  6.7
Fighting       | 4 5 |  5.3
Stealth        | 1 |  1.3
Invocations    | |  2.5

Action                   |  1- 3 |  4- 6 |  7- 9 || total
-------------------------+-------+-------+-------++-------
Melee: Falchion          |    33 |       |       ||    33
       Mace              |    86 |    55 |       ||   141
       Double sword      |       |    70 |    78 ||   148
       Touch             |       |     5 |    15 ||    20
Invok: Depart the Abyss  |     1 |       |       ||     1
       Bend Space        |       |     1 |       ||     1
  Use: Potion            |     1 |     4 |     3 ||     8
       Scroll            |     1 |     6 |     3 ||    10
 Stab: Invisible         |       |       |     1 ||     1
Armor: Leather armour    |    38 |       |       ||    38
       Scale mail        |       |    41 |    22 ||    63
Dodge: Dodged            |   112 |    78 |    59 ||   249

Table legend: (Time is in decaauts)
 A = Elapsed time spent in this place.
 B = Non-inter-level travel time spent in this place.
 C = Inter-level travel time spent in this place.
 D = Time resting spent in this place.
 E = Time spent auto-exploring this place.
 F = Levels seen in this place.
 G = Mean time per level.
                   A        B        C        D        E       F      G
               +--------+--------+--------+--------+--------+-----+--------+
         Total |   6800 |   6615 |    185 |   1300 |   3769 |   8 |  850.0 |
       Dungeon |   6800 |   6615 |    185 |   1300 |   3769 |   7 |  971.4 |
         Abyss |      0 |      0 |      0 |      0 |      0 |   1 |    0.0 |
               +--------+--------+--------+--------+--------+-----+--------+

Top non-repeatable levels by time:
     D:4: 1509 daAuts
     D:1: 1298 daAuts
     D:2: 1063 daAuts
     D:3: 937 daAuts
     D:7: 805 daAuts
     D:5: 672 daAuts
     D:6: 514 daAuts
